 Dungeon Crawl Stone Soup version 0.29-a0-422-gafbd6decc1 (webtiles) character file.

Game seed: 5522766301841708449

322 xian the Conjurer (level 6, 0/45 HPs)
             Began as a Draconian Conjurer on May 19, 2022.
             Succumbed to a hornet's poison
             ... on level 4 of the Dungeon.
             The game lasted 00:09:15 (4418 turns).

xian the Conjurer (Draconian Conjurer)              Turns: 4418, Time: 00:09:16

Health: 0/45       AC:  7    Str:  9    XL:     6   Next: 22%
Magic:  13/21      EV: 12    Int: 20    God:
Gold:   140        SH:  5    Dex: 10    Spells: 10/13 levels left

rFire   . . .      SeeInvis .   e - +0 spear
rCold   . . .      Faith    .   (no shield)
rNeg    . . .      Spirit   .   (body armour unavailable)
rPois   .          Reflect  +   (helmet restricted)
rElec   .          Harm     +   z - scarf {harm}
rCorr   .          Rampage  .   (no gloves)
Will    +....                   v - +0 pair of boots
Stlth   ++........              i - amulet of reflection
HPRegen 0.15/turn               b - ring of willpower
MPRegen 0.17/turn               B - ring of magical power

@: lethally poisoned (0 -> -7), slowed, very slow
A: AC +6, unfitting armour, cold-blooded
a: no special abilities


You were on level 4 of the Dungeon.
You visited 1 branch of the dungeon, and saw 4 of its levels.

You collected 140 gold pieces.

Inventory:

Hand Weapons
 e - a +0 spear (weapon)
Armour
 k - a scarf of shadows
 v - a +0 pair of boots (worn)
 x - a +1 cloak
 z - a scarf of harm (worn)
Jewellery
 b - a ring of willpower (left hand)
 i - an amulet of reflection (around neck)
 u - an amulet of faith
 y - a ring of protection from cold
 B - a ring of magical power (right hand)
Wands
 q - a wand of polymorph (12)
Scrolls
 c - a scroll of torment {unknown}
 d - 2 scrolls of teleportation {unknown}
 f - a scroll of poison {unknown}
 h - 5 scrolls of identify {unknown}
 j - a scroll of enchant armour {unknown}
 m - a scroll of vulnerability {unknown}
 o - a scroll of blinking {unknown}
 p - a scroll of enchant weapon {unknown}
 t - a scroll of magic mapping {unknown}
 w - a scroll of noise {unknown}
 A - a scroll of brand weapon {unknown}
 D - a scroll of summoning {unknown}
Potions
 a - 3 potions of magic
 g - a potion of heal wounds {unknown}
 l - 3 potions of curing {unknown}
 n - a potion of resistance {unknown}
 r - 2 potions of might
 s - a potion of haste {unknown}
 C - 2 potions of degeneration {unknown}


   Skills:
 + Level 2.9 Dodging
 + Level 2.3 Stealth
 + Level 4.1 Spellcasting
 + Level 5.5 Conjurations


You had 10 spell levels left.
You knew the following spells:

 Your Spells              Type           Power      Damage    Failure   Level
a - Magic Dart            Conj           100%       1d8       1%          1
b - Searing Ray           Conj           52%        2d6       1%          2

Your spell library contained the following spells:

 Spells                   Type           Power      Damage    Failure   Level
 Dazzling Flash           Conj/Hex       30%        N/A       12%         3
 Call Imp                 Summ           4%         N/A       19%         2
 Mephitic Cloud           Conj/Pois/Air  11%        N/A       19%         3
 Fulminant Prism          Conj/Hex       7%         3d7       38%         4
 Iskenderun's Mystic Bla  Conj/Tloc      15%        2d5       38%         4


Dungeon Overview and Level Annotations

Branches:
Dungeon (4/15)
 Temple: D:4-7

Altars:
Uskayaw
The Shining One


Innate Abilities, Weirdness & Mutations

Your plain brown scales are hard. (AC +6)
You cannot fit into any form of body armour.
You are cold-blooded and may be slowed by cold attacks.


Message History

You kill the kobold!
You can't see any susceptible monsters within range! (Use Z to cast anyway.)
An endoplasm comes into view.
The magic dart hits the endoplasm.
The endoplasm is almost dead.
The magic dart hits the endoplasm but does no damage.
The endoplasm is almost dead.
The magic dart hits the endoplasm.
You kill the endoplasm!
You can't see any susceptible monsters within range! (Use Z to cast anyway.)
You can't see any susceptible monsters within range! (Use Z to cast anyway.)
A hornet comes into view.
The magic dart hits the hornet.
The hornet is lightly wounded.
The hornet buzzes angrily.
Casting: Magic Dart (safe; 1% risk of failure)
Confirm with . or Enter, or press ? or * to list all spells.
Aiming: Searing Ray (safe; 1% risk of failure)
Press: ? - help, Shift-Dir - straight line, f/p - hornet
Aim: a hornet (lightly wounded, 69% to hit)
The searing ray hits the hornet.
The hornet is lightly wounded. (Press . to maintain the ray.)
The searing ray misses the hornet.
The searing ray hits the hornet.
The hornet is moderately wounded.
The hornet barely misses you. The hornet stings you!
You are poisoned.
You suddenly lose the ability to move!
You feel very sick. The hornet stings you.
You feel yourself slow down.
You can move again.
You feel yourself speed up.
You feel very sick. The hornet stings you!
* * * LOW HITPOINT WARNING * * *
You feel yourself slow down. The hornet attacks as you move away!
The hornet stings you but does no damage.
You die...

##########################
....[)=y.@................
.....#####################
... # ####### .......


You could see a hornet.

Vanquished Creatures
  An ogre (D:4)
  Jessica (D:3)
  An orc wizard (D:3)
  Natasha (thrice) (D:2)
  2 adders
  2 worms (D:2)
  2 dart slugs (D:1)
  4 orcs
  10 ball pythons
  10 endoplasms
  6 giant cockroaches
  7 goblins
  7 hobgoblins
  3 quokkas
  6 bats
  4 frilled lizards
  9 kobolds
  6 rats
84 creatures vanquished.

Notes
Turn   | Place    | Note
-------+----------+-------------------------------------------
     0 | D:1      | xian the Draconian Conjurer began the quest for the Orb.
     0 | D:1      | Reached XP level 1. HP: 14/14 MP: 3/3
   380 | D:1      | Reached XP level 2. HP: 20/20 MP: 0/5
  1020 | D:1      | Reached XP level 3. HP: 26/26 MP: 1/6
  1731 | D:2      | Noticed Natasha
  1735 | D:2      | Learned a level 2 spell: Searing Ray
  1737 | D:2      | Killed Natasha
  1840 | D:2      | Reached XP level 4. HP: 33/33 MP: 0/8
  1913 | D:2      | Noticed Natasha
  1917 | D:2      | Killed Natasha
  1971 | D:2      | Noticed Natasha
  1975 | D:2      | Killed Natasha
  1976 | D:2      | Reached skill level 5 in Conjurations
  2117 | D:2      | Found a faded altar of an unknown god.
  2225 | D:2      | Reached XP level 5. HP: 38/38 MP: 3/9
  2938 | D:3      | Found a glowing golden altar of the Shining One.
  3663 | D:3      | Noticed Jessica
  3666 | D:3      | Killed Jessica
  3762 | D:3      | Found a hide-covered altar of Uskayaw.
  3937 | D:3      | You fall into a shaft and drop 1 floor!
  4193 | D:4      | Noticed an ogre
  4197 | D:4      | Killed an ogre
  4198 | D:4      | Reached XP level 6. HP: 45/45 MP: 12/12
  4411 | D:4      | Noticed a hornet
  4415 | D:4      | Paralysed by a hornet for 2 turns
  4417 | D:4      | HP: 1/45 [hornet (15)]
  4418 | D:4      | Succumbed to a hornet's poison

Illustrated notes

Levels and vault maps discovered:
D:1:      mrwooster_arrival_statue, layout_basic
D:2:      layout_basic, chequers_ecumenical_altar_simple,
          grunt_decor_one_mirror, uniq_natasha
D:3:      layout_loops_ring, nicolae_uskayaw_dance_hall,
          mainiacjoe_overflow_swirl, serial_co_window_serial,
          co_window_corner_a, co_window_corner_a, co_window_paths_a,
          co_window_of_opportunity_a, co_window_corner_a, co_window_paths_a,
          co_window_corner_a, co_window_paths_a, co_window_of_opportunity_a,
          co_window_of_opportunity_c, co_window_corner_ca, co_window_paths_c,
          glass_columns_a, uniq_jessica
D:4:      layout_basic, temple_green

Skill      XL: |  1  2  3  4  5 |
---------------+----------------+-----
Dodging        | 2 |  2.9
Stealth        | 2 |  2.3
Spellcasting   | 3 4 |  4.1
Conjurations   | 5 |  5.5

Action                   |  1- 3 |  4- 6 || total
-------------------------+-------+-------++-------
Melee: Unarmed           |     5 |       ||     5
       Spear             |     6 |     5 ||    11
       Tailslap          |     4 |       ||     4
 Cast: Magic Dart        |    73 |    77 ||   150
       Searing Ray       |     1 |     7 ||     8
Armor: Skin              |    16 |     7 ||    23
Dodge: Dodged            |    26 |    12 ||    38
Block: Other             |       |     2 ||     2

Table legend: (Time is in decaauts)
 A = Elapsed time spent in this place.
 B = Non-inter-level travel time spent in this place.
 C = Inter-level travel time spent in this place.
 D = Time resting spent in this place.
 E = Time spent auto-exploring this place.
 F = Levels seen in this place.
 G = Mean time per level.
                   A        B        C        D        E       F      G
               +--------+--------+--------+--------+--------+-----+--------+
         Total |   4418 |   4397 |     21 |      9 |   3813 |   4 | 1104.5 |
       Dungeon |   4418 |   4397 |     21 |      9 |   3813 |   4 | 1104.5 |
               +--------+--------+--------+--------+--------+-----+--------+

Top non-repeatable levels by time:
     D:1: 1484 daAuts
     D:2: 1411 daAuts
     D:3: 1040 daAuts
     D:4: 481 daAuts
